 Dungeon Crawl Stone Soup version 0.18.1-8-gdd0e5ea (webtiles) character file.

44 rockintein the Chopper (level 3, -1/31 HPs)
             Began as a Minotaur Berserker on June 9, 2016.
             Was a Follower of Trog.
             Slain by a gnoll
             ... wielding a +0 flail
              (8 damage)
             ... on level 1 of the Dungeon.
             The game lasted 00:01:11 (982 turns).

rockintein the Chopper (Minotaur Berserker)          Turns: 982, Time: 00:01:11

Health: -1/31      AC:  2    Str: 22    XL:     3   Next: 41%
Magic:  2/2        EV: 12    Int:  4    God:    Trog [*.....]
Gold:   89         SH:  0    Dex:  9    Spells: 0 memorised, 2 levels left

rFire  . . .     SeeInvis .     a - +0 hand axe
rCold  . . .     Gourm    .     b - +0 animal skin
rNeg   . . .     Faith    .     (no shield)
rPois  .         Spirit   .     (helmet restricted)
rElec  .         Dismiss  .     (no cloak)
rCorr  .         Reflect  .     (no gloves)
SustAt .         Harm     .     (no boots)
MR     .....                    (no amulet)
Stlth  +.........               (no ring)
                                (no ring)

@: lethally poisoned (-1 -> -3), not resistant to hostile enchantments, very
unstealthy
A: retaliatory headbutt, horns 2
a: Berserk, Burn Spellbooks, Renounce Religion


You were on level 1 of the Dungeon.
You worshipped Trog.
Trog was aware of your devotion.
You were not hungry.

You visited 1 branch of the dungeon, and saw 2 of its levels.

You collected 89 gold pieces.

Inventory:

Hand Weapons
 a - a +0 hand axe (weapon)
Armour
 b - a +0 animal skin (worn)
Jewellery
 f - an uncursed ring of protection from cold {unknown}
Scrolls
 d - a scroll of identify {unknown}
 e - a scroll of random uselessness {unknown}
 g - a scroll of amnesia {unknown}
 h - a scroll of teleportation {unknown}
Potions
 i - a potion of curing {unknown}
Comestibles
 c - 3 bread rations
 j - a chunk of flesh


   Skills:
 - Level 3.6 Fighting
 * Level 5.4 Axes
 - Level 2.4 Armour
 - Level 2.1 Dodging


You had 2 spell levels left.
You didn't know any spells.

Dungeon Overview and Level Annotations

Branches:
Dungeon (2/15)

Altars:


Innate Abilities, Weirdness & Mutations

You reflexively headbutt those who attack you in melee.
You have a pair of horns on your head.


Message History

* * * LOW HITPOINT WARNING * * *
You are too injured to fight recklessly!
You are too injured to fight recklessly!
You are too injured to fight recklessly!
There are monsters nearby!
You are too injured to fight recklessly!
Okay, then.
You feel sick.
There is a stone staircase leading up here.
The gnoll barely misses you. You furiously retaliate!
You headbutt the gnoll!
You climb upwards.
The hobgoblin shouts!
There is a stone staircase leading down here.
You hit the gnoll.
The gnoll is severely wounded.
You feel sick. The gnoll hits you but does no damage.
You hit the gnoll but do no damage. Your headbutt misses the gnoll.
The gnoll is severely wounded.
The gnoll hits you with a flail!
You die...

#..................#.......
#...............####.......
#...............# ##.......
#.....#.........###.......#
#............##.....##....#
#............##............
####....[..............##..
#.....g#...#####....##..
#.....'@.g........####..
###.....##........#.# #.#
#.......##........#.####.#
#.......##...............#
#.......##.........#######
#.......##...............'
#..................#######
#............)###.........
#.............# #......##.


You could see a gnoll and a hobgoblin.

Vanquished Creatures
  2 adders (D:2)
  An ooze (D:1)
  A worm (D:2)
  3 bats
  A giant cockroach (D:2)
  4 goblins
  A hobgoblin (D:1)
  A quokka (D:2)
  A ball python (D:1)
  A giant newt (D:1)
  2 kobolds (D:1)
  A rat (D:2)
19 creatures vanquished.

Notes
Turn   | Place    | Note
--------------------------------------------------------------
     0 | D:1      | rockintein the Minotaur Berserker began the quest for the Orb.
     0 | D:1      | Reached XP level 1. HP: 19/19 MP: 0/0
    29 | D:1      | Reached skill level 4 in Axes
    99 | D:1      | Reached XP level 2. HP: 13/26 MP: 1/1
   710 | D:2      | Reached skill level 5 in Axes
   710 | D:2      | Reached XP level 3. HP: 9/31 MP: 2/2
   982 | D:1      | Slain by a gnoll

Skill      XL: |  1  2 |
---------------+-------+-----
Axes           | 4 5 |  5.4
Fighting       | |  3.6
Armour         | |  2.4
Dodging        | |  2.1

Action                   || total
-------------------------++-------
Melee: Hand axe          ||    44
       Headbutt          ||     8
Armor: Animal skin       ||    13
Dodge: Dodged            ||    31
